 Dungeon Crawl Stone Soup version 0.22-a0-480-g991dd4b (webtiles) character file.

97 Judge the Slasher (level 4, -1/40 HPs)
             Began as a Draconian Berserker on June 15, 2018.
             Was a Believer of Trog.
             Slain by a sky beast (5 damage)
             ... on level 3 of the Dungeon.
             The game lasted 00:15:24 (1893 turns).

Judge the Slasher (Draconian Berserker)             Turns: 1893, Time: 00:15:28

Health: -1/40      AC:  5    Str: 21    XL:     4   Next: 42%
Magic:  4/4        EV: 13    Int: 12    God:    Trog [**....]
Gold:   141        SH:  0    Dex: 10    Spells: 3/3 levels left

rFire    . . .     SeeInvis .   a - +0 falchion
rCold    . . .     Gourm    +   (no shield)
rNeg     . . .     Faith    .   (armour unavailable)
rPois    .         Spirit   .   (helmet restricted)
rElec    .         Reflect  .   (no cloak)
rCorr    .         Harm     .   (no gloves)
MR       .....                  (no boots)
Stlth    +.........             d - amulet of the gourmand
HPRegen  0.13/turn              h - ring of wizardry
MPRegen  0.09/turn              (no ring)

@: brilliant
A: unfitting armour, cold-blooded, AC +5
a: Berserk, Trog's Hand, Renounce Religion


You were on level 3 of the Dungeon.
You worshipped Trog.
Trog was pleased with you.
You were not hungry.

You visited 1 branch of the dungeon, and saw 3 of its levels.

You collected 141 gold pieces.

Inventory:

Hand Weapons
 a - a +0 falchion (weapon)
 e - a +2 dagger of electrocution
Missiles
 g - 76 stones (quivered)
Jewellery
 d - an amulet of the gourmand (around neck)
 h - a ring of wizardry (left hand)
Scrolls
 j - 2 scrolls of remove curse
Potions
 f - 2 potions of lignification
Comestibles
 b - 6 rations


   Skills:
 + Level 3.9 Fighting
 + Level 0.9(2.7) Short Blades
 * Level 4.1(4.2) Long Blades
 * Level 3.3 Dodging


You had 3 spell levels left.
You didn't know any spells.
Your spell library was empty.

Dungeon Overview and Level Annotations

Branches:
Dungeon (3/15)

Altars:
Nemelex Xobeh


Innate Abilities, Weirdness & Mutations

Your plain brown scales are hard. (AC +5)
You cannot fit into any form of body armour.
You are cold-blooded and may be slowed by cold attacks.


Message History

* * * LOW HITPOINT WARNING * * *
You climb downwards.
There is a stone staircase leading up here.
Something hits you but does no damage.
A sky beast appears from thin air!
Reactivating autopickup.
You miss the sky beast.
The sky beast is moderately wounded.
The sky beast hits you but does no damage.
You hit the sky beast.
The sky beast is moderately wounded.
The sky beast closely misses you.
You hit the sky beast.
The sky beast is heavily wounded.
The sky beast flickers out of sight!
Deactivating autopickup; reactivate with Ctrl-A.
Something hits you.
* * * LOW HITPOINT WARNING * * *
Something shocks you.
You die...

#.##.#####.# ...#
#.......##.# Y..#
####..#.##.# (..#
##.#..##.# ...####
######.###.<..# .......
....#.## ##.########....###
....##.###.##.............)
..†.....#.....≈............
....#.##......<{@..........
....#.##.....#######...?###
....#.##.....# ......
######.##...## ...####
##....## ...# ### ####.#
...# ..# #.# #.########.#
...........#


There were no monsters in sight!

Vanquished Creatures
  3 adders (D:2)
  2 oozes
  2 worms
  2 dart slugs (D:1)
  2 leopard geckos (D:1)
  4 giant cockroaches
  5 goblins
  8 hobgoblins
  7 jackals
  4 bats (D:1)
  3 frilled lizards
  3 kobolds (D:1)
  3 rats (D:1)
48 creatures vanquished.

Notes
Turn   | Place    | Note
-------+----------+-------------------------------------------
     0 | D:1      | Judge the Draconian Berserker began the quest for the Orb.
     0 | D:1      | Reached XP level 1. HP: 19/19 MP: 1/1
    84 | D:1      | Reached XP level 2. HP: 22/26 MP: 2/2
   472 | D:1      | Found a sparkling altar of Nemelex Xobeh.
   614 | D:1      | Reached XP level 3. HP: 31/33 MP: 3/3
   621 | D:1      | Reached ** piety under Trog
  1203 | D:2      | Reached XP level 4. HP: 37/40 MP: 4/4
  1347 | D:2      | Reached skill level 4 in Long Blades
  1864 | D:3      | Noticed a sky beast
  1893 | D:3      | Slain by a sky beast

Vault maps used:
D:1:      dpeg_arrival_circle_labyrinth_c, nemelex_altar_shiori
D:3:      first_ration

Skill      XL: |  1  2  3  4 |
---------------+-------------+-----
Dodging        | 3 |  3.3
Long Blades    | 4 |  4.1
Fighting       | |  3.9
Short Blades   | |  0.9

Action                   |  1- 3 |  4- 6 || total
-------------------------+-------+-------++-------
Melee: Falchion          |    35 |    11 ||    46
       Tailslap          |     9 |     4 ||    13
       Dagger            |    45 |    40 ||    85
Invok: Berserk           |     1 |       ||     1
  Use: Scroll            |     3 |     1 ||     4
       Potion            |       |     2 ||     2
  Eat: Ration            |     1 |       ||     1
       Chunk             |       |     3 ||     3
Armor: Skin              |    26 |    18 ||    44
Dodge: Dodged            |    49 |    27 ||    76
       Rpst.: Falchion   |     5 |     1 ||     6

Table legend:
 A = Spawn XP
 B = Non-spawn XP
 C = Spawn XP percentage of total XP
 D = Spawn monster count
 E = Non-spawn monster count
 F = Spawn count percentage of total count
 G = Total turns spent on level
                    A         B        C        D         E        F      G
               +---------+---------+-------+---------+---------+-------+---------
         Total |       0 |     139 |   0.0 |       0 |      48 |   0.0 |  1893
               +---------+---------+-------+---------+---------+-------+---------
           D:1 |       0 |      51 |   0.0 |       0 |      25 |   0.0 |   987
           D:2 |       0 |      78 |   0.0 |       0 |      19 |   0.0 |   753
           D:3 |       0 |      10 |   0.0 |       0 |       4 |   0.0 |   153
               +---------+---------+-------+---------+---------+-------+---------
